 Dungeon Crawl Stone Soup version 0.24.0-2-g5b39cebb1c (webtiles) character file.

Game seed: 7721402335944194272, levelgen mode: deterministic

40 Mrkan the Shield-Bearer (level 3, -7/33 HPs)
             Began as a Minotaur Fighter on Oct 31, 2019.
             Mangled by Sigmund
             ... wielding a +0 scythe
              (9 damage)
             ... on level 2 of the Dungeon.
             The game lasted 00:02:31 (459 turns).

Mrkan the Shield-Bearer (Minotaur Fighter)           Turns: 459, Time: 00:02:32

Health: -7/33      AC:  7    Str: 20    XL:     3   Next: 30%
Magic:  2/2        EV:  7    Int:  5    God:
Gold:   36         SH:  9    Dex: 10    Spells: 2/2 levels left

rFire    . . .     SeeInvis .   a - +0 war axe
rCold    . . .     Gourm    .   c - +0 shield
rNeg     . . .     Faith    .   b - +0 scale mail
rPois    .         Spirit   .   (helmet restricted)
rElec    .         Reflect  .   (no cloak)
rCorr    .         Harm     .   (no gloves)
MR       .....                  (no boots)
Stlth    ..........             (no amulet)
HPRegen  0.11/turn              (no ring)
MPRegen  0.08/turn              (no ring)

@: no status effects
A: retaliatory headbutt, horns 2
a: no special abilities


You were on level 2 of the Dungeon.
You were not hungry.

You visited 1 branch of the dungeon, and saw 2 of its levels.

You collected 36 gold pieces.

Inventory:

Hand Weapons
 a - a +0 war axe (weapon)
Armour
 b - a +0 scale mail (worn)
 c - a +0 shield (worn)
Scrolls
 h - 4 scrolls of identify {unknown}
 i - a scroll of enchant weapon {unknown}
Potions
 d - a potion of might
 e - a potion of haste {unknown}
 g - a potion of degeneration {unknown}
Comestibles
 f - 5 rations
 j - 2 chunks of flesh


   Skills:
 + Level 4.0 Fighting
 * Level 3.4 Axes
 + Level 4.0 Armour
 + Level 4.0 Shields


You had 2 spell levels left.
You didn't know any spells.
Your spell library was empty.

Dungeon Overview and Level Annotations

Branches:
Dungeon (1/15)

Altars:

Annotations:
D:2 Sigmund


Innate Abilities, Weirdness & Mutations

You reflexively headbutt those who attack you in melee.
You have a pair of horns on your head.


Message History

Increase (S)trength, (I)ntelligence, or (D)exterity?
You feel agile. Something hits you but does no damage.
A giant cockroach is nearby!
Found 13 stones.
Things that are here:
a +0 falchion; a +2 scale mail of fire resistance; the human corpse of Terence You closely miss something.
Something hits you.
You miss something. Something hits you!
You barely miss something. Your headbutt misses something. Something hits you.
* * * LOW HITPOINT WARNING * * *
You miss something. Your headbutt misses something.
Something hits you but does no damage.
You slash something! You block something's attack.
You miss something. You block something's attack.
You closely miss something. You headbutt something. Something hits you.
* * * LOW HITPOINT WARNING * * *
You miss something. Something hits you but does no damage.
You miss something. Something hits you!
You die...

#.......)..#...^.#
#......)†..#.###.#
#............###.#
#................#
#.######..(.......
#.# #(.......#.
#.# #(.(.....#.
#.# ##.......#.
#@# #.......#. #.#
#.......## .s#
#......... #..#
#......... ....
#......... .....
########.. ...>.
#........ .....(.
#........
#.†.....[


You could see a giant cockroach.

Vanquished Creatures
  Terence (D:2)
  A giant cockroach (D:2)
  2 hobgoblins
  2 bats (D:2)
  4 frilled lizards
  5 kobolds (D:2)
15 creatures vanquished.

Notes
Turn   | Place    | Note
-------+----------+-------------------------------------------
     0 | D:1      | Mrkan the Minotaur Fighter began the quest for the Orb.
     0 | D:1      | Reached XP level 1. HP: 19/19 MP: 0/0
   233 | D:1      | You fall into a shaft and drop 1 floor!
   311 | D:2      | Reached XP level 2. HP: 27/27 MP: 1/1
   440 | D:2      | Noticed Terence
   444 | D:2      | Noticed Sigmund
   449 | D:2      | Killed Terence
   449 | D:2      | Reached XP level 3. HP: 20/33 MP: 2/2
   457 | D:2      | HP: 1/33 [something (4)]
   459 | D:2      | Mangled by Sigmund

Levels and vault maps discovered:
D:1:      scummos_arrival_forest, layout_rooms, fountainhead,
          chequers_serial_rivers_room_b, minmay_distorted
D:2:      layout_basic, first_ration, uniq_terence, uniq_sigmund

Skill      XL: |  1  2 |
---------------+-------+-----
Axes           | 3 |  3.4
Fighting       | 4 |  4.0
Armour         | 4 |  4.0
Shields        | 4 |  4.0

Action                   || total
-------------------------++-------
Melee: War axe           ||    36
       Headbutt          ||     4
Armor: Scale mail        ||    13
Dodge: Dodged            ||    11
Block: Shield            ||    17
